 Dungeon Crawl Stone Soup version 0.17-a0-1831-gaadb308 (webtiles) character file.

28 akame the Ruffian (level 3, -1/27 (30) HPs)
             Began as a Ghoul Gladiator on Sept 14, 2015.
             Slain by a giant gecko (4 damage)
             ... on level 1 of the Dungeon.
             The game lasted 00:06:22 (928 turns).

akame the Ruffian (Ghoul Gladiator)                  Turns: 928, Time: 00:06:23

HP:   -1/27 (30)    AC:  4    Str: 19    XL:     3   Next: 12%
MP:   2/2           EV: 12    Int:  3    God:
Gold: 39            SH:  0    Dex:  9    Spells: 0 memorised, 2 levels left

rFire  . . .     SeeInvis .     q - +0 hand axe
rCold  + . .     Clarity  .     a - +0 leather armour
rNeg   + + +     SustAt   .     (no shield)
rPois  ∞         Gourm    .     b - +0 helmet
rElec  .         Spirit   .     (no cloak)
rCorr  .         Warding  .     (no gloves)
rMut   .         Stasis   .     (no boots)
MR     .....                    (no amulet)
Stlth  +.........               (no ring)
                                (no ring)

@: rotting, not resistant to hostile enchantments, very unstealthy
A: rotting body, claws 1, carnivore 3, cold resistance 1, negative energy
resistance 3, slow healing 1, torment resistance, unbreathing
a: no special abilities


You were on level 1 of the Dungeon.
You were not hungry.

You visited 1 branch of the dungeon, and saw 1 of its levels.

You collected 39 gold pieces.

Inventory:

Hand weapons
 g - a +0 short sword
 j - a +2 dagger of venom
 k - a +0 club
 l - a +0 dagger
 q - a +0 hand axe (weapon)
Missiles
 c - 3 throwing nets (quivered)
 e - 102 stones
Armour
 a - a +0 leather armour (worn)
 b - a +0 helmet (worn)
 p - a +0 robe
Scrolls
 n - a scroll of remove curse {unknown}
 o - 3 scrolls of identify {unknown}
 r - a scroll of fog {unknown}
 s - a scroll of amnesia {unknown}
Potions
 f - a potion of mutation {unknown}
 m - a potion of agility {unknown}
Comestibles
 d - a meat ration
 h - a slice of pizza
 i - a bread ration


   Skills:
 + Level 2.4 Fighting
 + Level 1.8 Throwing
 + Level 0.6 Armour
 + Level 3.2 Dodging
 + Level 3.6 Unarmed Combat


You had 2 spell levels left.
You didn't know any spells.

Dungeon Overview and Level Annotations

Branches:
Dungeon (1/15)

Altars:


Innate Abilities, Weirdness & Mutations

Your body is rotting away.
You thrive on raw meat.
You are immune to poison.
You have sharp fingernails.
You are carnivorous and can eat meat at any time.
Your flesh is cold resistant.
You are immune to negative energy.
You heal slowly when monsters are visible.
You are immune to unholy pain and torment.
You can survive without breathing.


Message History

You miss the giant gecko. The giant gecko bites you.
* * * LOW HITPOINT WARNING * * *
The giant gecko barely misses you.
You miss the giant gecko. The giant gecko barely misses you.
The giant gecko closely misses you.
You miss the giant gecko.
The giant gecko bites you but does no damage.
The giant gecko barely misses you.
You closely miss the giant gecko. The giant gecko bites you.
* * * LOW HITPOINT WARNING * * *
You barely miss the giant gecko. The giant gecko closely misses you.
The giant gecko bites you.
* * * LOW HITPOINT WARNING * * *
You see here a giant newt corpse.
The giant gecko closely misses you. The giant gecko bites you.
* * * LOW HITPOINT WARNING * * *
You barely miss the giant gecko.
The giant gecko bites you but does no damage.
You closely miss the giant gecko. The giant gecko bites you.
You die...

......#.#
#.## #.#
...#....#
##.# .#
....###.#
##.## #.
###.# #.#
#.##
#.###.#
#.# ###
#....##
#.# #..
#.#.## #.#
#.# #.#.#
#.# #.#
#.#.#
#@######.#
#.#.#
#.l......#
#.#.#
####.#####
#.#.# #.#
#.#.# #.#
###)#.#
#.#
......#
#.#
###.###
#.#
##...##
#.#


You could see a giant gecko.

Vanquished Creatures
  A ball python (D:1)
  3 bats (D:1)
  4 goblins (D:1)
  5 hobgoblins (D:1)
  2 giant geckos (D:1)
  3 giant newts (D:1)
  3 kobolds (D:1)
  7 rats (D:1)
28 creatures vanquished.

Notes
Turn   | Place    | Note
--------------------------------------------------------------
     0 | D:1      | akame the Ghoul Gladiator began the quest for the Orb.
     0 | D:1      | Reached XP level 1. HP: 17/17 MP: 0/0
   255 | D:1      | Reached XP level 2. HP: 24/24 MP: 1/1
   676 | D:1      | Reached XP level 3. HP: 21/29 MP: 2/2
   928 | D:1      | Slain by a giant gecko

Vault maps used:
D:1:      dpeg_arrival_simpleton_a

Action                   || total
-------------------------++-------
Melee: Unarmed           ||    25
       Short sword       ||    26
       Hand axe          ||    49
